 Dungeon Crawl Stone Soup version 0.15.2 (webtiles) character file.

200 HopeRidesAlone the Insei (level 5, -4/41 HPs)
             Began as a Mummy Monk on Nov 2, 2015.
             Slain by a gnoll
             ... wielding a +0 spear
              (6 damage)
             ... on Level 4 of the Dungeon.
             The game lasted 00:04:22 (3638 turns).

HopeRidesAlone the Insei (Mummy Monk)               Turns: 3638, Time: 00:04:23

HP  -4/41        AC  6     Str 14      XL: 5   Next: 49%
MP   5/5         EV  9     Int  9      God:
Gold 148         SH  0     Dex 15      Spells:  0 memorised,  4 levels left

rFire  x . .     SeeInvis .       - Unarmed
rCold  + . .     Clarity  .     d - +1 ring mail
rNeg   + + +     rCorr    .     (no shield)
rPois  +         rRot     +     (no helmet)
rElec  .         Spirit   .     (no cloak)
SustAb +         Warding  .     (no gloves)
rMut   .         Stasis   .     (no boots)
Gourm  .                        (no amulet)
MR     .....                    e - ring of sustain abilities
                                j - ring of regeneration

@: not resistant to hostile enchantments, very unstealthy
A: no food or potions, fire vulnerability, restore body, cold resistance 1,
negative energy resistance 3, poison resistance, torment resistance, unbreathing
a: no special abilities


You were on level 4 of the Dungeon.
You were not hungry.

You visited 1 branch of the dungeon, and saw 4 of its levels.

You collected 148 gold pieces.


Innate Abilities, Weirdness & Mutations

You do not eat or drink.
Your flesh is vulnerable to fire.
Your flesh is cold resistant.
You are immune to negative energy.
Your system is resistant to poisons.
You are immune to unholy pain and torment.
You can survive without breathing.


   Skills:
 - Level 3.0 Fighting
 - Level 2.4 Dodging
 - Level 1.5 Stealth
 + Level 5.6 Unarmed Combat


You had 4 spell levels left.
You didn't know any spells.

Inventory:

Missiles
 f - 2 throwing nets {=f}
Armour
 a - a +0 robe
 d - a +1 ring mail (worn)
Scrolls
 b - 3 scrolls of enchant armour
 c - 2 scrolls of enchant weapon
 g - a scroll of immolation {!r}
 h - 3 scrolls of fear
 l - 2 scrolls of fog
Jewellery
 e - a ring of sustain abilities (right hand)
 i - an uncursed ring of ice
 j - a ring of regeneration (left hand)

Dungeon Overview and Level Annotations

Branches:
Dungeon (4/15)
 Temple: D:4-7

Altars:

#...# #....###.#
##### #.....##.#
#...#.##.#
#...#.##.#
#...#.##.#
#####.##.# #.##.#
###########.##)#
#.Mgg....##..#.# ##
####g.(...##.#.# #..
#.%....##.#.#
#..g####......##...#
#..g.g.#......###..#
#....#g#......# #..#
#<.(.#.#....(.# ##%#
#...##.#......####>#
####.........###...#


You could see 3 gnolls.


Message History

The gnoll hits you from afar with a spear.
* * * LOW HITPOINT WARNING * * *
The gnoll hits you from afar with a spear.
* * * LOW HITPOINT WARNING * * *
The gnoll hits you.
* * * LOW HITPOINT WARNING * * *
The gnoll misses you. The gnoll barely misses you.
The gnoll hits you from afar with a spear.
* * * LOW HITPOINT WARNING * * *
The gnoll barely misses you.
Here: a gnoll (lightly wounded)
The floor.
The gnoll hits you with a spear.
* * * LOW HITPOINT WARNING * * *
The gnoll hits you but does no damage.
You hit the gnoll.
The gnoll is heavily wounded.
The gnoll hits you but does no damage. The gnoll barely misses you.
You hit the gnoll.
The gnoll is almost dead.
The gnoll hits you but does no damage.
You closely miss the gnoll.
The gnoll is almost dead.
The gnoll hits you from afar with a spear.
* * * LOW HITPOINT WARNING * * *
You hit the gnoll but do no damage.
The gnoll is almost dead.
The gnoll hits you but does no damage.
The gnoll hits you from afar with a spear.
You die...

Action                   |  1- 3 |  4- 6 || total
-------------------------+-------+-------++-------
Melee: Unarmed           |   153 |   186 ||   339
  Use: Scroll            |       |     7 ||     7
 Stab: Sleeping          |       |     2 ||     2

Vault maps used:
D:1:      dpeg_arrival_sounds_drone
D:2:      minmay_goblin_outpost, uniq_terence
D:4:      first_bread, uniq_natasha

Notes
Turn   | Place    | Note
--------------------------------------------------------------
     0 | D:1      | HopeRidesAlone, the Mummy Monk, began the quest for the Orb.
     0 | D:1      | Reached XP level 1. HP: 18/18 MP: 1/1
   151 | D:1      | Reached XP level 2. HP: 5/24 MP: 2/2
   788 | D:1      | Reached skill level 4 in Unarmed Combat
   996 | D:2      | Reached XP level 3. HP: 25/29 MP: 3/3
  1107 | D:2      | Noticed Terence
  1244 | D:1      | Killed Terence
  1395 | D:2      | Reached XP level 4. HP: 35/35 MP: 4/4
  2311 | D:3      | Reached skill level 5 in Unarmed Combat
  3219 | D:4      | Reached XP level 5. HP: 31/41 MP: 5/5
  3563 | D:4      | Noticed Natasha
  3571 | D:4      | Killed Natasha
  3637 | D:4      | HP: 2/41 [gnoll/spear (6)]
  3638 | D:4      | Slain by a gnoll

Vanquished Creatures
  Natasha (D:4)
  A hound skeleton (D:4)
  Terence (D:1)
  4 adders
  4 worms
  An adder skeleton (D:4)
  3 giant geckos (D:1)
  An ooze (D:4)
  7 orcs (D:3)
  A ball python (D:2)
  4 giant cockroaches
  11 goblins
  13 hobgoblins
  5 jackals
  4 bats
  6 giant newts
  7 kobolds
  9 rats
83 creatures vanquished.
